[Event "*** Titled Tuesday 3|2 Blitz"]
[Site "Chess.com"]
[Date "2016.07.05"]
[Round "4"]
[White "olgerts_indricans"]
[Black "wnstop"]
[Result "0-1"]
[WhiteElo "2337"]
[BlackElo "2369"]
[TimeControl "180+2"]
[EndTime "11:48:45 PDT"]
[Termination "wnstop won by checkmate"]

1. d4 Nf6 2. c4 g6 3. f3 Bg7 4. e4 O-O 5. Ne2 Nc6 6. Bg5 d6 7. Qd2 a6 8. d5 Ne5 9. Nec3 c5 10. Na3 Rb8 11. Be2 Qa5 12. O-O b5 13. cxb5 axb5 14. Naxb5 Ba6 15. a4 Qb4 16. Kh1 Rb7 17. Rfb1 Nc4 18.
Bxc4 Qxc4 19. Bh6 Bxh6 20. Qxh6 Qb4 21. Qh4 Ra8 22. Qf2 Nd7 23. Qc2 Ne5 24. h3 h5 25.
f4 Nd7 26. Rf1 h4 27. b3 Nf6 28. Rae1 Nh5 29. Kh2 Bxb5 30. Nxb5 Ng3 31. Qd3 c4 32. bxc4 Rxa4 33. Rb1 Nxf1+ 34. Rxf1 Qxc4 35. Qxc4 Rxc4 36. Na3 Rxe4 37. f5 Rb3 38. Nc2 Rb2 39. Na3 Ree2 40. Rg1 gxf5 41. Nc4 Rb4 42. Na5 Rb5 43. Nc6 Rxd5 44. Rf1 Rdd2 45. Rg1 f4 46.
Kh1 Kf8 47. Rf1 e5 48. Nb4 Rxg2 49. Nd5 Rh2+ 50. Kg1 Rdg2# 0-1

[Event "*** Titled Tuesday 3|2 Blitz"]
[Site "Chess.com"]
[Date "2016.07.05"]
[Round "4"]
[White "oggy1984"]
[Black "Gabrielian_Artur"]
[Result "0-1"]
[WhiteElo "2300"]
[BlackElo "2482"]
[TimeControl "180+2"]
[EndTime "11:48:46 PDT"]
[Termination "Gabrielian_Artur won by resignation"]

1. e4 c5 2. Nf3 d6 3. d4 cxd4 4. Qxd4 Nc6 5. Bb5 Bd7 6. Bxc6 Bxc6 7. Nc3 Nf6 8. Bg5 e6 9. O-O-O Be7 10. Qd2 O-O 11. Rhe1 h6 12. Bf4 e5 13. Be3 b5 14.
g4 b4 15. Nd5 Nxe4 16. Qd3 Bxd5 17. Qxd5 Nf6 18. Qd2 Nxg4 19. Rg1 Nxe3 20. Qxe3 Kh8 21. Nxe5 Bg5 22. f4 dxe5 23. fxg5 Qb6 24. Qxe5 Rae8 25. Qf5 g6 26. Qg4 h5 27. Qc4 a5 28. Rge1 Rc8 29. Qd5 Qc7 30. Qe5+ Kh7 31. Qxc7 Rxc7 32. Rd5 Rfc8 33.
Re2 a4 34. Kd1 Rc5 35. Rxc5 Rxc5 36. h4 Rc4 37. Re7 Kg7 38. Ra7 Rxh4 39. Rxa4 Rg4 40. a3 h4 41. axb4 h3 42. Kd2 h2 0-1

[Event "*** Titled Tuesday 3|2 Blitz"]
[Site "Chess.com"]
[Date "2016.07.05"]
[Round "4"]
[White "FairChess_on_YouTube"]
[Black "E-Shaposhnikov"]
[Result "1/2-1/2"]
[WhiteElo "2726"]
[BlackElo "2649"]
[TimeControl "180+2"]
[EndTime "11:48:47 PDT"]
[Termination "Game drawn by repetition"]

1. Nf3 c5 2. g3 g6 3. c3 Bg7 4. d4 cxd4 5. cxd4 d5 6. Bg2 Nc6 7. O-O Nh6 8. Nc3 Nf5 9. e3 O-O 10.
b3 e6 11. Ba3 Re8 12. Rc1 Bd7 13. Na4 b6 14. Nb2 h5 15. Nd3 Qb8 16. Rc2 a5 17. Qd2 a4 18. b4 Nd6 19. Rfc1 Rc8 20. Qe1 Qb7 21. Bb2 Ne7 22. a3 Bb5 23. Bf1 Rxc2 24. Rxc2 Rc8 25. Qc1 Nef5 26. Nd2 Rxc2 27.
Qxc2 Qc8 28. Qxc8+ Nxc8 29. Nb1 Bc4 30. Nc3 b5 31.
Bc1 Nfd6 32. f3 Bh6 33. Kf2 Nf5 34. f4 Nfd6 35. Ne5 Bxf1 36. Kxf1 Nb6 37. Nc6 Nbc8 38.
Ke2 Bg7 39. Kd3 Kf8 40. e4 dxe4+ 41. Nxe4 Nxe4 42. Kxe4 Nd6+ 43. Kd3 Ke8 44. Ne5 Bxe5 45. dxe5 Nf5 46. Be3 Kd7 47. Bf2 Kc6 48. Ke4 Kd7 49. h3 Kc6 50. Be1 Nh6 51. Bf2 Nf5 52. Be1 Nh6 53. Bf2 Nf5 1/2-1/2

[Event "*** Titled Tuesday 3|2 Blitz"]
[Site "Chess.com"]
[Date "2016.07.05"]
[Round "4"]
[White "ZapataCharlesS"]
[Black "Dlugy"]
[Result "1-0"]
[WhiteElo "2466"]
[BlackElo "2592"]
[TimeControl "180+2"]
[EndTime "11:48:47 PDT"]
[Termination "ZapataCharlesS won by resignation"]

1. e4 c5 2. c3 d5 3. exd5 Qxd5 4. d4 cxd4 5. Qxd4 Qxd4 6. cxd4 Nf6 7. Nf3 Nc6 8. Nc3 Nb4 9. Bb5+ Bd7 10. O-O e6 11.
Bxd7+ Nxd7 12. a3 Nc6 13. d5 exd5 14. Nxd5 O-O-O 15. Bf4 Nc5 16. Rad1 Ne6 17. Bg3 Bd6 18. Bxd6 Rxd6 19. Ne7+ Kc7 20. Nxc6 bxc6 21. Rxd6 Kxd6 22. Rd1+ Kc7 23. Ne5 Rd8 24. Rc1 Nd4 25. Kf1 f6 26. Nc4 Nb3 27. Rc3 Rb8 28. h4 a5 29. h5 Nd4 30.
Rg3 Nf5 31. Rf3 Nd6 32. Nxd6 Kxd6 33. h6 gxh6 34. Rxf6+ Kc5 35. Rxh6 Rxb2 36. Rxh7 Kd4 37. g4 c5 38. g5 Rb6 39. Kg2 c4 40. Rd7+ Ke4 41. Rc7 Kd3 42. f4 c3 43. Kf3 c2 44.
f5 Rb1 45. g6 c1=Q 46. Rxc1 Rxc1 47. g7 Rg1 48. f6 Kc4 49. f7 Rxg7 50. f8=Q Rb7 51.
Qc8+ 1-0

[Event "*** Titled Tuesday 3|2 Blitz"]
[Site "Chess.com"]
[Date "2016.07.05"]
[Round "4"]
[White "Andrejkin"]
[Black "Grootneus"]
[Result "1/2-1/2"]
[WhiteElo "2156"]
[BlackElo "2059"]
[TimeControl "180+2"]
[EndTime "11:48:51 PDT"]
[Termination "Game drawn - insufficient material"]

1. e4 c5 2. Nf3 e6 3. Nc3 a6 4.
Be2 Qc7 5. O-O b5 6. a3 Bb7 7. d4 cxd4 8. Nxd4 Nc6 9. Be3 Nf6 10.
f4 Nxd4 11. Qxd4 Rc8 12. e5 Nd5 13. Nxd5 Bxd5 14. c3 Bc4 15. Bxc4 Qxc4 16. Rad1 Qxd4 17. Bxd4 Be7 18. f5 exf5 19. Rxf5 O-O 20. g4 a5 21. h3 b4 22. axb4 axb4 23. Rf3 bxc3 24. Rxc3 Rb8 25.
Rc7 Rfd8 26. Bc5 Bxc5+ 27. Rxc5 Rxb2 28. Rxd7 Rf8 29. Rcc7 Re2 30. Re7 g5 31. Rcd7 h6 32. Kf1 Re4 33. Rd6 Kg7 34. e6 Kf6 35. Rxf7+ Rxf7 36. exf7+ Kxf7 37. Rxh6 Re3 38. Kg2 Kg7 39. Ra6 Rb3 40.
Ra2 Rc3 41. Rf2 Kg6 42. Rf3 Rc2+ 43. Kg3 Rb2 44. h4 gxh4+ 45. Kxh4 Rh2+ 46. Kg3 Rb2 47. Rd3 Rb5 48. Kh4 Ra5 49. Rd6+ Kg7 50. g5 Ra1 51.
Kh5 Rh1+ 52. Kg4 Rg1+ 53. Kf5 Rf1+ 54. Ke4 Rg1 55. Kf4 Rf1+ 56. Ke3 Rg1 57. Rd5 Kg6 58. Kf4 Rf1+ 59. Kg4 Rg1+ 60. Kh4 Rh1+ 61. Kg3 Rg1+ 62. Kh2 Rxg5 63. Rxg5+ Kxg5 1/2-1/2

[Event "*** Titled Tuesday 3|2 Blitz"]
[Site "Chess.com"]
[Date "2016.07.05"]
[Round "4"]
[White "stefanodinn"]
[Black "CraiggoryC"]
[Result "1-0"]
[WhiteElo "2261"]
[BlackElo "2079"]
[TimeControl "180+2"]
[EndTime "11:48:52 PDT"]
[Termination "stefanodinn won by resignation"]

1. e4 e6 2. d4 d5 3. Nd2 Be7 4.
c3 c5 5. exd5 exd5 6. Ngf3 Nf6 7. Bb5+ Bd7 8. Bxd7+ Nbxd7 9. O-O O-O 10. dxc5 Nxc5 11. Nb3 Nce4 12. Nfd4 Qd7 13. f3 Nd6 14. Nc5 Qc8 15. Nd3 Re8 16. Re1 Bf8 17. Bg5 Nd7 18. Rxe8 Qxe8 19. Qb3 Nb6 20. Re1 Qd7 21. Bf4 Ndc4 22.
Qb5 Qd8 23. Qb3 Qd7 24. Bg3 Re8 25. Qd1 Rxe1+ 26. Qxe1 Qe7 27. Qxe7 Bxe7 28. Kf1 Bf6 29. Bf2 Ne5 30. Nxe5 Bxe5 31. g3 Kf8 32. b3 g6 33.
Ke2 Ke7 34. f4 Bf6 35. Kd3 Nd7 36. Nf3 a6 37. Bd4 Bxd4 38. Kxd4 Kd6 39. Ng5 f6 40. Nxh7 Ke6 41. g4 b6 42. h4 Kf7 43. Kxd5 Kg7 44. Kc6 Ne5+ 45. fxe5 fxe5 46. Kd5 Kxh7 47. Kxe5 1-0

[Event "*** Titled Tuesday 3|2 Blitz"]
[Site "Chess.com"]
[Date "2016.07.05"]
[Round "4"]
[White "Misha_Bilous"]
[Black "Hieronymus00"]
[Result "0-1"]
[WhiteElo "2245"]
[BlackElo "2166"]
[TimeControl "180+2"]
[EndTime "11:48:56 PDT"]
[Termination "Hieronymus00 won by checkmate"]

1. d4 Nf6 2. c4 g6 3. Nc3 Bg7 4.
e4 d6 5. f3 O-O 6. Be3 a6 7. Qd2 Nbd7 8. Nge2 c5 9. d5 Qa5 10.
Nc1 Rb8 11. a4 Ne5 12. Ra3 h5 13. h3 h4 14. f4 Ned7 15. Be2 Qc7 16. O-O Nh7 17. Qe1 Bf6 18. Bf2 b5 19. axb5 axb5 20. Nxb5 Rxb5 21. cxb5 Bxb2 22. Rb3 Bg7 23. Bxh4 c4 24.
Rb4 Nb6 25. Bf2 e6 26. Na2 exd5 27. exd5 Re8 28. Qd1 Nf6 29. Nc3 Bf5 30. Qd4 Rb8 31. Qd2 Ne4 32. Nxe4 Bxe4 33. Rc1 Bxd5 34. Kh1 Re8 35. Bxb6 Qxb6 36. Qxd5 Rxe2 37. Qf3 Rf2 38. Qd5 c3 39. Rc4 Rd2 40. Rc8+ Kh7 41. Qxf7 Qf2 42.
Rg1 c2 43. Rc7 Qd4 44. b6 Rd1 45. Rxc2 Qxg1# 0-1

[Event "*** Titled Tuesday 3|2 Blitz"]
[Site "Chess.com"]
[Date "2016.07.05"]
[Round "4"]
[White "LaStreetCmaMaison"]
[Black "fireheart92"]
[Result "1-0"]
[WhiteElo "2435"]
[BlackElo "1716"]
[TimeControl "180+2"]
[EndTime "11:48:57 PDT"]
[Termination "LaStreetCmaMaison won by resignation"]

1. Nf3 Nf6 2. g3 d5 3. Bg2 g6 4. O-O Bg7 5. b3 c5 6. Bb2 Nc6 7. Ne5 Nxe5 8. Bxe5 O-O 9. c4 d4 10. e3 Bg4 11. Qc1 Qd7 12. exd4 cxd4 13. Re1 Rac8 14. d3 Bh3 15. Bh1 Qf5 16. Bxd4 Qxd3 17. Rd1 Qf5 18.
Nc3 b6 19. Qb2 Rcd8 20. Nd5 Rfe8 21. Re1 Nxd5 22. Bxg7 Nf4 23. Bh6 Nh5 24. Re5 Qf6 25.
Rae1 Rd7 26. Qe2 Red8 27. Bg5 Qg7 28. Bxe7 Re8 29. Bc6 Rdxe7 30. Rxe7 Rxe7 31. Qxe7 Qc3 32. Qe8+ Kg7 33. Qe5+ Qxe5 34. Rxe5 Be6 35. Bd5 Kf6 36.
Rxh5 gxh5 37. Bxe6 fxe6 38. Kf1 Ke5 39. Ke2 Kd4 40.
Kd2 e5 41. f3 a5 42. Ke2 h4 43. Kd2 h3 44. Ke2 a4 45. bxa4 Kxc4 46. Ke3 Kd5 47. Kd3 h5 48. Ke3 Kc5 49. Ke4 Kd6 50. Kf5 Kd5 51. g4 hxg4 52. Kxg4 Kd4 53. Kxh3 Ke3 54. Kg4 e4 55. fxe4 Kxe4 56. h4 1-0

[Event "*** Titled Tuesday 3|2 Blitz"]
[Site "Chess.com"]
[Date "2016.07.05"]
[Round "4"]
[White "Boryboy"]
[Black "Mornar1951"]
[Result "0-1"]
[WhiteElo "2521"]
[BlackElo "2508"]
[TimeControl "180+2"]
[EndTime "11:48:57 PDT"]
[Termination "Mornar1951 won by resignation"]

1. d4 d5 2. Nf3 Nf6 3. c4 e6 4. g3 dxc4 5. Bg2 Nc6 6. Qa4 Bb4+ 7. Bd2 Nd5 8. O-O Nb6 9. Qc2 Bxd2 10. Qxd2 O-O 11.
Na3 e5 12. Rfd1 exd4 13. Nxd4 Nxd4 14. Qxd4 Qxd4 15. Rxd4 c6 16. Nxc4 Nxc4 17. Rxc4 Be6 18. Rd4 Rfd8 19. Rad1 Rxd4 20. Rxd4 Bxa2 21. Rb4 b6 22.
Bxc6 Rc8 23. Bf3 Rc7 24. Rd4 Kf8 25. Rd2 Ke7 26. h4 Bb3 27. e3 Rd7 28. Rxd7+ Kxd7 29. Kf1 Kd6 30. Ke2 Kc5 31. Kd2 Kb4 32. Be4 h6 33. g4 g5 34. hxg5 hxg5 35. f4 f6 36. fxg5 fxg5 37. Bf5 a5 38. Kd3 Kc5 39. Bc8 b5 40. Bd7 b4 41. Kd2 Kd6 42. Bb5 Ke5 43. Be2 Ke4 44. Bd3+ Kf3 45. Be2+ Kg3 46. Kd3 a4 47. Kd4 a3 48. bxa3 bxa3 49. Kc3 Be6 50. Bd3 Kxg4 51. Be2+ Kg3 52. Bh5 Kf2 53. e4 Ke3 54. e5 Kf4 55. Bd1 Kxe5 56. Be2 Kf4 57. Bh5 Ke3 58. Kc2 Kd4 59. Kb1 Ke3 60. Ka1 Kf4 61.
Bd1 Bg4 62. Bb3 Bf5 63. Bd1 Be6 64. Bh5 Bd5 65. Be8 g4 66. Bd7 g3 67. Bh3 Ke3 68. Bf1 Kf2 69. Bh3 Bc4 70. Bf5 g2 71. Bb1 a2 0-1

[Event "*** Titled Tuesday 3|2 Blitz"]
[Site "Chess.com"]
[Date "2016.07.05"]
[Round "4"]
[White "ruifeng"]
[Black "RobertRis"]
[Result "1/2-1/2"]
[WhiteElo "2321"]
[BlackElo "2420"]
[TimeControl "180+2"]
[EndTime "11:49:00 PDT"]
[Termination "Game drawn by stalemate"]

1. e4 c5 2. Nc3 Nc6 3. g3 g6 4. Bg2 Bg7 5. d3 d6 6. Be3 e5 7.
f4 Nge7 8. Nf3 O-O 9. O-O Nd4 10. Qd2 Rb8 11. Nh4 f5 12. Rf2 Be6 13. Raf1 Qd7 14. fxe5 dxe5 15. Bh6 Nec6 16. Bxg7 Qxg7 17. exf5 gxf5 18.
Nd5 Rbd8 19. Ne3 f4 20. gxf4 exf4 21. Rxf4 Rxf4 22. Rxf4 Nb4 23. c3 Nxd3 24. Rxd4 cxd4 25. Qxd3 Qf6 26. Nef5 Bxf5 27. Nxf5 dxc3 28. Bd5+ Kh8 29. bxc3 Qe5 30. Ne3 Re8 31. Kf2 Qxh2+ 32. Bg2 Qf4+ 33. Bf3 b6 34. Qd4+ Qxd4 35. cxd4 Kg7 36. d5 Kf6 37. Ng4+ Kf5 38. Ne3+ Ke5 39. Nc4+ Kd4 40. Nd6 Rd8 41. Nf5+ Ke5 42. Ne3 b5 43. Kg3 a5 44. Ng4+ Kd4 45.
Kf4 Rxd5 46. Bxd5 Kxd5 47. Ke3 Kc4 48. Kd2 b4 49. Kc2 a4 50. Kb2 h5 51. Ne5+ Kd5 52.
Nd3 Kc4 53. Ne5+ Kd4 54. Nf3+ Ke3 55. Nh4 Kf4 56. Ng6+ Kg3 57. a3 b3 58. Kb1 h4 59.
Nxh4 Kxh4 60. Kb2 Kg4 61. Kb1 Kf4 62. Kb2 Ke4 63. Kb1 Kd4 64. Kb2 Kc4 65. Kb1 Kd3 66. Kb2 Kd2 67. Kb1 Kc3 68. Kc1 b2+ 69. Kb1 Kb3 1/2-1/2

[Event "*** Titled Tuesday 3|2 Blitz"]
[Site "Chess.com"]
[Date "2016.07.05"]
[Round "4"]
[White "Semetey"]
[Black "YuriyKrykun"]
[Result "1-0"]
[WhiteElo "2447"]
[BlackElo "2300"]
[TimeControl "180+2"]
[EndTime "11:49:21 PDT"]
[Termination "Semetey won by resignation"]

1. d4 Nf6 2. Bf4 g6 3. Nc3 d5 4. Qd2 c6 5. h4 Bf5 6. Nf3 Bg7 7.
Ne5 Nbd7 8. e3 Nxe5 9. Bxe5 Ne4 10. Nxe4 Bxe5 11. Nc5 Bg7 12. h5 b6 13. h6 Bxh6 14. Rxh6 bxc5 15. dxc5 e5 16. Be2 Kf8 17. O-O-O Kg7 18.
Rdh1 Qf6 19. f3 Rab8 20. g4 e4 21. c3 exf3 22. Bxf3 Be4 23. Bxe4 dxe4 24. Qh2 Rb5 25. Rxh7+ Rxh7 26. Qxh7+ Kf8 27. Qh6+ Ke7 28. Qh2 Rxc5 29.
Qc7+ Kf8 30. Qc8+ Ke7 31. Qb7+ Kf8 32. Qb8+ Ke7 33. Qxa7+ Kd6 34. Qb8+ Ke6 35. Qc8+ Kd6 36. Qb8+ Ke6 37. Qb3+ Kd6 38. Qb4 Qe5 39. Rf1 Ke6 40.
Qb7 f5 41. gxf5+ gxf5 42. Qc8+ Kf6 43. Qf8+ Ke6 44. Qc8+ Kf6 45. Rg1 Rxc3+ 46. Kb1 Rxe3 47. Qf8+ Ke6 48. Rg6+ Kd5 49. Qd8+ Kc4 50. Rxc6+ Qc5 51.
Rxc5+ Kxc5 52. Qc7+ Kd4 53. Qb6+ Kd3 54. Qb5+ Kd4 55.
Qxf5 Rf3 56. Qd7+ Ke3 57. a4 Rf1+ 58. Kc2 Rf2+ 59. Kc3 Rd2 60. Qxd2+ 1-0

[Event "*** Titled Tuesday 3|2 Blitz"]
[Site "Chess.com"]
[Date "2016.07.05"]
[Round "4"]
[White "alturas_pacificas"]
[Black "Ksenia_Legenko"]
[Result "1-0"]
[WhiteElo "2167"]
[BlackElo "2058"]
[TimeControl "180+2"]
[EndTime "11:49:22 PDT"]
[Termination "alturas_pacificas won by resignation"]

1. d4 d5 2. Bf4 e6 3. e3 Bd6 4. Bg3 Nf6 5. Nd2 c5 6. c3 Nc6 7. Ngf3 Qc7 8. dxc5 Bxg3 9. hxg3 Ne7 10. b4 a5 11. Bb5+ Bd7 12. Bxd7+ Nxd7 13. O-O O-O 14. a3 b6 15. cxb6 Qxc3 16. Ne4 Qc6 17. Nc5 Nxc5 18.
Rc1 axb4 19. axb4 Qxb6 20. bxc5 Qb4 21. Qd2 Qa3 22. Nd4 Rfc8 23. Nb5 Qa5 24. Qxa5 Rxa5 25. Rb1 Rxc5 26. Nd6 Ra8 27. Rb7 Kf8 28. Rfb1 Rd8 29. Rb8 Nc6 30. Rxd8+ Nxd8 31. Nb7 Nxb7 32. Rxb7 g6 33.
g4 Kg7 34. f3 h6 35. Kf2 Rc3 36.
Rb1 Kf6 37. Re1 Kg7 38. Kg3 Rb3 39. Re2 Rb4 40. Re1 e5 41. Re2 d4 42. exd4 exd4 43. Rd2 Kf6 44. Kf4 Ke6 45. Ke4 f5+ 46. gxf5+ gxf5+ 47. Kd3 Kd5 48. Ra2 Rb2 49. Rxb2 1-0

[Event "*** Titled Tuesday 3|2 Blitz"]
[Site "Chess.com"]
[Date "2016.07.05"]
[Round "4"]
[White "Smirnov_Pavel"]
[Black "Matibar"]
[Result "1-0"]
[WhiteElo "2535"]
[BlackElo "2577"]
[TimeControl "180+2"]
[EndTime "11:49:34 PDT"]
[Termination "Smirnov_Pavel won on time"]

1. d4 e6 2. c4 Bb4+ 3. Bd2 c5 4.
Bxb4 cxb4 5. g3 Nf6 6. Bg2 O-O 7. e3 a5 8. Nd2 d6 9. Ne2 Qe7 10. O-O e5 11. a3 Na6 12. axb4 Nxb4 13. Nc3 Bg4 14.
Qb3 Bf5 15. Rfc1 h6 16. h3 e4 17. Na2 Nd3 18. Rf1 a4 19. Qa3 Rfe8 20. Nb4 Qd7 21. g4 Nxb4 22. Qxb4 Bg6 23. Ra3 h5 24. g5 Nh7 25. Qb5 Qxb5 26. cxb5 Nxg5 27. h4 Nh7 28. Rfa1 Nf6 29. Rxa4 Rxa4 30. Rxa4 Rc8 31. Nc4 d5 32.
Nd6 Rc1+ 33. Kh2 Rc2 34. Kg3 Rxb2 35. Ra7 b6 36. Rb7 Ng4 37. Rxb6 Nxf2 38. Rb8+ Kh7 39. b6 Ng4 40. b7 Nxe3 41. Bh3 Nc4 42. Nxc4 dxc4 43. d5 c3 44. d6 c2 45. Rc8 Rb3+ 46. Kf4 f6 47. Bf5 Rxb7 48. d7 Rxd7 49. Bxd7 1-0

[Event "*** Titled Tuesday 3|2 Blitz"]
[Site "Chess.com"]
[Date "2016.07.05"]
[Round "4"]
[White "underdogchss"]
[Black "Christov91"]
[Result "1/2-1/2"]
[WhiteElo "2343"]
[BlackElo "2399"]
[TimeControl "180+2"]
[EndTime "11:49:41 PDT"]
[Termination "Game drawn by agreement"]

1. d4 d5 2. Nf3 Nf6 3. c4 c6 4. Nc3 dxc4 5. a4 Bf5 6. Ne5 Nbd7 7. Nxc4 Qc7 8. g3 e5 9. dxe5 Nxe5 10. Bf4 Nfd7 11. Bg2 f6 12. O-O O-O-O 13. Qc1 Nc5 14. Bxe5 fxe5 15. Qg5 g6 16. e4 Be7 17. Qe3 Be6 18.
Nd2 Rd3 19. Qe2 Rhd8 20. Rad1 a5 21. Ndb1 Bc4 22. Rxd3 Bxd3 23. Qg4+ Qd7 24. Qxd7+ Kxd7 25. Rd1 Kc7 26. Na3 Nb3 27. Nd5+ cxd5 28. Rxd3 Nc5 29. Rxd5 Rxd5 30. exd5 Nxa4 31. d6+ Bxd6 32. Nb5+ Kd7 33.
b3 Nc5 34. Bd5 b6 35. h4 Be7 36. Kg2 Nd3 37. Kf3 Nb4 38. Bg8 h6 39. Ke4 Kc6 40.
Na7+ Kd6 41. Nc8+ Kd7 42. Nxb6+ Kc6 43. Nc4 Bf6 44. Nxa5+ Kc5 45. Nb7+ Kc6 46. Na5+ Kc5 47. Nc4 Nc6 48. Bh7 g5 49. hxg5 hxg5 50. Ne3 Nd4 51. Bg8 Ne2 52. Kf5 Bd8 53. Kxe5 Kb4 54. Kf5 Kc3 55.
Ke4 Kd2 56. f4 Nxg3+ 57. Kf3 gxf4 58. Kxf4 Ne2+ 59. Ke4 Nc3+ 60. Kf3 Be7 61. Nc4+ Kc2 62. Ne5 Kb2 63. Nc6 Bf8 64. b4 Ka3 65. Nd4 Kxb4 66. Nc6+ 1/2-1/2

[Event "*** Titled Tuesday 3|2 Blitz"]
[Site "Chess.com"]
[Date "2016.07.05"]
[Round "4"]
[White "Aguiar94"]
[Black "ZEN-22"]
[Result "1-0"]
[WhiteElo "2480"]
[BlackElo "2324"]
[TimeControl "180+2"]
[EndTime "11:49:47 PDT"]
[Termination "Aguiar94 won by checkmate"]

1. e4 c5 2. Nf3 Nf6 3. e5 Nd5 4. Nc3 Nb4 5. a3 N4c6 6. b4 cxb4 7. axb4 Nxb4 8. d4 d5 9. Ba3 N8c6 10. Bb5 Bd7 11.
e6 fxe6 12. O-O a6 13. Be2 e5 14. Bxb4 Nxb4 15. Nxe5 Bf5 16. Bg4 Qc8 17. Bxf5 Qxf5 18.
Rb1 e6 19. Ne2 Bd6 20. Ng3 Qxc2 21. Qg4 Bxe5 22. Qxe6+ Kf8 23. Qxe5 Nc6 24. Qd6+ Kg8 25. Rxb7 Qg6 26. Qxd5+ Kf8 27. Re1 Rd8 28. Qc5+ Qd6 29. Qf5+ Qf6 30. Qc5+ Qd6 31. Qc4 Qd5 32. Qxd5 Rxd5 33.
Rc1 Nd8 34. Rc8 Rxd4 35. h3 g6 36. Ra7 Rd6 37. f4 h5 38. Ne4 Rd4 39. Ng5 Ke8 40.
Ne6 Rd7 41. Nc7+ Kf7 42. Rb8 Nc6 43. Rxh8 Rd1+ 44. Kh2 Nxa7 45. Nxa6 Kg7 46. Rb8 Nc6 47. Rb6 Nd4 48. Nc5 h4 49. Rb7+ Kh6 50. Rd7 Nf3+ 51.
gxf3 Rc1 52. Ne4 Rc2+ 53. Kg1 Ra2 54. Ng5 Ra1+ 55. Kf2 Ra2+ 56. Ke1 Ra1+ 57. Kd2 Ra2+ 58.
Kc1 Ra1+ 59. Kb2 Ra7 60. Nf7+ Kh5 61. Rxa7 g5 62. Nxg5 Kg6 63. Kc3 Kh5 64. Kd4 Kg6 65. Ke4 Kf6 66. Ra6+ Kg7 67. f5 Kh8 68. f6 Kg8 69.
Ra8# 1-0

[Event "*** Titled Tuesday 3|2 Blitz"]
[Site "Chess.com"]
[Date "2016.07.05"]
[Round "4"]
[White "Zhani-Z"]
[Black "WanderingPuppet"]
[Result "1-0"]
[WhiteElo "2260"]
[BlackElo "2291"]
[TimeControl "180+2"]
[EndTime "11:49:53 PDT"]
[Termination "Zhani-Z won by resignation"]

1. e4 c5 2. Nf3 d6 3. d4 cxd4 4. Nxd4 Nf6 5. Nc3 a6 6. Bc4 e6 7. Bb3 b5 8. O-O Be7 9. Qf3 Qc7 10. Qg3 O-O 11. Bh6 Ne8 12. Rad1 Kh8 13. Bg5 Bxg5 14. Qxg5 Nf6 15. f3 Nc6 16. Nxc6 Qxc6 17. Kh1 Bb7 18. Rd2 h6 19. Qg3 Rad8 20. Rfd1 Nh5 21. Qh4 Nf6 22. e5 Nd5 23. Nxd5 exd5 24. Bxd5 Qb6 25.
Bxb7 Qxb7 26. Rxd6 Rde8 27. f4 Qe4 28. Qf2 Rc8 29.
c3 a5 30. Re1 Qf5 31. Rd4 Rfe8 32. h3 f6 33. exf6 Qxf6 34. Rde4 Rxe4 35. Rxe4 Qf7 36. a3 Rd8 37. Rd4 Re8 38. Qd2 Qf5 39. Rd8 Rxd8 40.
Qxd8+ Kh7 41. Qd2 Qb1+ 42. Kh2 Qe4 43. Qd4 Qc2 44. b4 a4 45. Qe5 Qb3 46. Qxb5 Qxa3 47. Qf5+ Kg8 48. Qd5+ Kh7 49. Qe4+ Kg8 50. h4 Qb3 51. f5 a3 52. Qe8+ Kh7 53. Qg6+ Kg8 54. f6 Qf7 55. Qe4 a2 56. Qa8+ Kh7 57. b5 gxf6 58.
b6 f5 59. b7 a1=Q 60. Qxa1 Qxb7 61. Qa5 Kg6 62. Qe5 Qc6 63. Qg3+ Kf6 64. Qf3 Qc4 65.
Kh3 Kg6 66. Qg3+ Kf6 67. Qd6+ Kg7 68. Qd4+ Qxd4 69. cxd4 Kf6 70. Kg3 Ke6 71. Kf4 Kd5 72.
Kxf5 Kxd4 73. Kg6 1-0

[Event "*** Titled Tuesday 3|2 Blitz"]
[Site "Chess.com"]
[Date "2016.07.05"]
[Round "4"]
[White "ChessNinja48"]
[Black "salomez"]
[Result "1/2-1/2"]
[WhiteElo "2323"]
[BlackElo "2131"]
[TimeControl "180+2"]
[EndTime "11:49:54 PDT"]
[Termination "Game drawn by agreement"]

1. d4 Nf6 2. c4 g6 3. Nc3 d5 4. Nf3 Bg7 5. Qb3 dxc4 6. Qxc4 O-O 7. e4 Bg4 8. Be3 Nfd7 9. Rd1 Nb6 10. Qb3 Nc6 11.
d5 Bxf3 12. gxf3 Ne5 13. Be2 Qc8 14. h4 c6 15. h5 cxd5 16. hxg6 hxg6 17. Bxb6 axb6 18.
Nxd5 Qc5 19. f4 Nc6 20. Qh3 Rfd8 21. f5 Nd4 22. fxg6 fxg6 23. Rxd4 Qxd4 24. Qe6+ Kf8 25. Qxe7+ Kg8 26. Qe6+ Kf8 27. Rh3 Rxd5 28. exd5 Bf6 29. Rf3 Kg7 30. Qd7+ Kg8 31. Qd6 Rf8 32. Kf1 Qxb2 33.
Qe6+ Kg7 34. Bd3 Qa1+ 35. Kg2 Qe5 36. Qd7+ Rf7 37. Qg4 Qg5 38. Rg3 Qxg4 39. Rxg4 g5 40. f4 Kh6 41. Kf3 gxf4 42. Rxf4 Kg7 43. Rg4+ Kf8 44.
Ke4 Re7+ 45. Kf5 Bg7 46. Be4 Re5+ 47. Kf4 Re7 48. Rg6 Be5+ 49. Kf5 b5 50. Rb6 Kf7 51. Rxb5 Bd6 52. Rb6 Re5+ 53. Kf4 Rxd5+ 54. Ke3 Bc5+ 55.
Kf3 Bxb6 56. Bxd5+ Ke7 57. Bxb7 Kd6 58. Ke4 Kc5 59.
Kd3 Ba5 60. Kc2 Kb6 61. Bd5 Ka7 62. Bg8 Bb6 63. Kb3 Bg1 64. Ka4 Bf2 65. Kb5 Bg1 66. a4 Bf2 67. Be6 Bg1 68. Bd7 Bf2 69. Bc6 Bg1 70.
Kc4 Bf2 71. Bb5 Bg1 72. Kd3 1/2-1/2

[Event "*** Titled Tuesday 3|2 Blitz"]
[Site "Chess.com"]
[Date "2016.07.05"]
[Round "4"]
[White "SmoothAsAHedgehog"]
[Black "cabalista"]
[Result "0-1"]
[WhiteElo "2498"]
[BlackElo "2425"]
[TimeControl "180+2"]
[EndTime "11:49:56 PDT"]
[Termination "cabalista won by checkmate"]

1. Nf3 Nf6 2. c4 g6 3. g3 Bg7 4.
Bg2 O-O 5. Nc3 d6 6. O-O e5 7. d3 Nc6 8. Rb1 a5 9. a3 h6 10. b4 axb4 11. axb4 Be6 12. b5 Ne7 13. Qb3 Qd7 14. Rd1 Bh3 15. Bb2 Bxg2 16. Kxg2 Nh5 17. d4 Qg4 18. dxe5 dxe5 19. Ng1 Nf4+ 20. Kf1 Nh3 21. f3 Qh5 22. Nd5 Nxd5 23. cxd5 Rfe8 24. e4 Bf8 25. Rbc1 Bd6 26. Kg2 Nxg1 27. Rxg1 b6 28. Ra1 f5 29. Qd3 f4 30. gxf4 Rxa1 31. Bxa1 exf4 32.
Kh1 Be5 33. Bxe5 Rxe5 34. Qc3 Kf8 35. Rxg6 Qh3 36. Rg2 Rg5 37. Qa3+ Kf7 38. Qa2 Qxf3 39. h4 Qf1+ 40. Kh2 Rxg2+ 41. Qxg2 Qe1 42. Kh3 h5 43.
Qf3 Qe3 44. Kg2 Qd2+ 45. Kf1 Qc1+ 46. Kg2 Qd2+ 47. Kh3 Kf6 48. Qg2 Qe3+ 49. Kh2 Ke5 50. Qg5+ Kxe4 51. Qxh5 Qg3+ 52. Kh1 f3 53. Qh7+ Ke3 54. Qe7+ Kf2 55. Qg5 Qh3# 0-1

[Event "*** Titled Tuesday 3|2 Blitz"]
[Site "Chess.com"]
[Date "2016.07.05"]
[Round "4"]
[White "wonderfultime"]
[Black "daro94"]
[Result "1-0"]
[WhiteElo "2692"]
[BlackElo "2632"]
[TimeControl "180+2"]
[EndTime "11:49:59 PDT"]
[Termination "wonderfultime won by checkmate"]

1. d4 Nf6 2. c4 g6 3. Nc3 d5 4.
cxd5 Nxd5 5. e4 Nxc3 6. bxc3 Bg7 7. Qa4+ Qd7 8. Bb5 c6 9. Be2 O-O 10. Be3 c5 11. Qxd7 Nxd7 12. Nf3 cxd4 13. cxd4 Nf6 14. Nd2 Ng4 15. Bxg4 Bxg4 16. Rc1 Rfc8 17. O-O Bd7 18. f3 e6 19. Nc4 Bf8 20. Ne5 Bb5 21. Rfd1 Ba4 22.
Re1 Bb4 23. Rxc8+ Rxc8 24. Rb1 a5 25. a3 Bc2 26. Rb2 Bxa3 27. Rxb7 a4 28. Nxf7 Bf8 29. Ra7 Bb3 30. Nh6+ Kh8 31. Nf7+ Kg8 32. Bf4 Bg7 33. Nh6+ Kh8 34. Be5 Bxe5 35. Nf7+ Kg8 36. Nxe5 Rc2 37. Nd7 Kf7 38. Nc5+ Kf6 39. h4 g5 40. Nd7+ Kg6 41.
Ne5+ Kh6 42. h5 Rd2 43. Kh2 g4 44. Nxg4+ Kxh5 45. Rxh7+ Kg5 46. Ra7 Kf4 47. Rf7+ Kg5 48. Kg3 a3 49. Ra7 a2 50. f4+ Kg6 51. Ne5+ Kh6 52.
Ng4+ Kg6 53. Kh4 Rd1 54. Ne5+ Kh6 55. g4 Rh1+ 56. Kg3 Rg1+ 57. Kf2 a1=Q 58. g5+ Kh5 59. Rh7# 1-0

[Event "*** Titled Tuesday 3|2 Blitz"]
[Site "Chess.com"]
[Date "2016.07.05"]
[Round "4"]
[White "platy3"]
[Black "Astaneh"]
[Result "1-0"]
[WhiteElo "2684"]
[BlackElo "2466"]
[TimeControl "180+2"]
[EndTime "11:50:17 PDT"]
[Termination "platy3 won by resignation"]

1. e4 c6 2. Nf3 d5 3. Nc3 Bg4 4.
h3 Bxf3 5. Qxf3 Nf6 6. d3 e6 7. Bd2 Bb4 8. a3 Ba5 9. Qg3 O-O 10. e5 Ne8 11. f4 Nd7 12. d4 c5 13.
dxc5 Bxc3 14. Bxc3 Nxc5 15. Bb4 Rc8 16. O-O-O a5 17. Bxc5 Rxc5 18. Bd3 f5 19. exf6 Qxf6 20. Rde1 Nd6 21. Qe3 Qxf4 22. Qxf4 Rxf4 23. Rxe6 Ne4 24.
Re1 Rf2 25. Re5 b6 26. g4 Nd6 27. b4 axb4 28. axb4 Rc7 29. Rxd5 Nc4 30. Bf5 g6 31.
Rd7 Rxd7 32. Bxd7 Kg7 33. Be6 Nd6 34. Bd5 Kh6 35. Re6 Nb5 36. Rxb6 Nd4 37. Be4 Rh2 38. Rd6 Nb5 39. g5+ Kh5 40. Rd7 Nc3 41. Bd3 Na2+ 42.
Kb2 Nxb4 43. Be4 Kxg5 44. Rxh7 Kf4 45. Bxg6 Nd5 46. Kb3 Nf6 47. Rh8 Kg5 48. Bd3 Nh5 49. Kb4 Rxh3 50. Be2 Rh4+ 51. c4 Nf6 52. Rxh4 Kxh4 53.
Kc5 Kg5 54. Kd6 Kf5 55. Bf3 Kf4 56. Bb7 Ne8+ 57. Kd7 Nf6+ 58. Ke6 Ng4 59. c5 Ne5 60. Bd5 Nd3 61. c6 Nc5+ 62. Kd6 Na6 63. Bc4 Nb4 64. c7 1-0